 Dungeon Crawl Stone Soup version 0.18-a0-1186-gd02dc51 (webtiles) character file.

14361 Ijustatesigmund the Fighter (level 11, -8/92 HPs)
             Began as a Demonspawn Fighter on Jan 27, 2016.
             Was a High Priest of Okawaru.
             Killed from afar by a deep elf mage (25 damage)
             ... with a shard of ice
             ... on level 2 of the Orcish Mines on Jan 28, 2016.
             The game lasted 00:53:19 (12069 turns).

Ijustatesigmund the Fighter (Demonspawn Fighter)   Turns: 12069, Time: 00:53:19

Health: -8/92      AC: 23    Str: 20    XL:     11   Next: 87%
Magic:  19/19      EV:  6    Int:  9    God:    Okawaru [*****.]
Gold:   1169       SH: 12    Dex: 15    Spells: 2 memorised, 8 levels left

rFire  . . .     SeeInvis .     v - +3 mace (protect)
rCold  + . .     Gourm    .     u - +0 chain mail
rNeg   . . .     Faith    .     c - +1 shield
rPois  .         Spirit   .     (no helmet)
rElec  .         Dismiss  .     s - +0 cloak
rCorr  .         Reflect  .     (no gloves)
SustAt .         Harm     .     L - +1 pair of boots
MR     .....                    o - amulet of regeneration
Stlth  ..........               y - +2 ring of strength
                                n - ring of protection from cold

@: not resistant to hostile enchantments, extremely unstealthy
A: claws 1, iridescent scales 1, demonic guardian 2, powered by pain 1
a: Heroism, Finesse, Renounce Religion


You were on level 2 of the Orcish Mines.
You worshipped Okawaru.
Okawaru was extremely pleased with you.
You were hungry.

You visited 5 branches of the dungeon, and saw 16 of its levels.

You collected 1169 gold pieces.

Inventory:

Hand Weapons
 q - a +3 hunting sling of flaming
 v - a +3 mace of protection (weapon)
 B - the +3 whip of Power {freeze, -Tele +Fly rElec Dex+8}
   (You found it on level 8 of the Dungeon)

   It has been specially enchanted to freeze those struck by it, causing extra
   injury to most foes and up to half again as much damage against particularly
   susceptible opponents.
   It can also slow down cold-blooded creatures.
   It affects your dexterity (+8).
   It insulates you from electricity.
   It lets you fly.
   It prevents most forms of teleportation.
 I - the +2 quarterstaff of Spite {flame, rElec rPois SInv, unknown}
   (Okawaru gifted it to you on level 11 of the Dungeon)

   It has been specially enchanted to burn those struck by it, causing extra
   injury to most foes and up to half again as much damage against particularly
   susceptible opponents.
   It insulates you from electricity.
   It protects you from poison.
   It lets you see invisible.
Missiles
 r - 49 sling bullets
 G - 31 sling bullets of flame
 N - 10 exploding sling bullets
Armour
 c - a +1 shield (worn)
 s - a +0 cloak (worn)
 u - a +0 chain mail (worn)
 L - a +1 pair of boots (worn)
Jewellery
 h - an uncursed ring of ice
 n - a ring of protection from cold (left claw)
 o - an amulet of regeneration (around neck)
 x - a +2 ring of intelligence
 y - a +2 ring of strength (right claw)
 A - an uncursed amulet of faith
 F - an uncursed ring of teleportation
 J - an uncursed ring of fire
 M - an uncursed ring of flight
Wands
 g - a wand of confusion (24/48)
 k - a wand of teleportation (0/9)
 w - a wand of lightning (4/15)
 C - a wand of polymorph (10/24)
 E - a wand of paralysis (5/24)
Scrolls
 l - a scroll of remove curse
 K - a scroll of teleportation
Potions
 d - 2 potions of might
 e - a potion of brilliance
 j - a potion of agility
 m - 2 potions of flight
 t - a potion of curing
 z - a potion of poison
 H - a potion of ambrosia
 R - a potion of cure mutation
Miscellaneous
 p - a sack of spiders {used: 2}
Comestibles
 b - 9 slices of pizza
 f - 7 bread rations
 i - 10 meat rations
 D - 13 fruits


   Skills:
 - Level 10.9 Fighting
 + Level 9.3 Maces & Flails
 - Level 3.0 Slings
 - Level 8.0 Armour
 - Level 7.1 Shields
 + Level 10.7 Invocations


You had 8 spell levels left.
You knew the following spells:

 Your Spells              Type           Power        Failure   Level  Hunger
a - Apportation           Tloc           #.........   100%        1    ##.....
b - Summon Butterflies    Summ           #.......     100%        1    ##.....


Dungeon Overview and Level Annotations

Branches:
Dungeon (11/15)            Temple (1/1) D:7            Lair (1/8) D:8
    Orc (2/2) D:10            Elf (1/3) Orc:2

Altars:
Ashenzari
Cheibriados
Dithmenos
Elyvilon
Fedhas
Gozag
Kikubaaqudgha
Makhleb
Nemelex Xobeh
Okawaru
Pakellas
Qazlal
Ru
Sif Muna
Trog
Vehumet
Xom
Yredelemnul
Zin
The Shining One

Shops:
D:5 *   D:8 :   Orc:2 (


Innate Abilities, Weirdness & Mutations

You have sharp fingernails.
You are partially covered in iridescent scales (AC +4).
A demonic guardian rushes to your aid.
You sometimes gain a little power by taking damage.


Message History

The deep elf mage gestures wildly while chanting.
The deep elf mage blinks!
The ice beast hits you but does no damage.
You hit the deep elf mage.
The deep elf mage is heavily wounded.
The deep elf mage hits you but does no damage.
The ice beast hits you but does no damage.
You block the ice beast's attack.
You closely miss the deep elf mage.
The deep elf mage is heavily wounded.
The deep elf mage hits you with a short sword.
* * * LOW HITPOINT WARNING * * *
The ice beast barely misses you.
The deep elf mage casts a spell.
The deep elf mage blinks!
You block the ice beast's attack.
You closely miss the deep elf mage.
The deep elf mage is heavily wounded.
The deep elf mage points at you and mumbles some strange words.
The shard of ice hits you! You partially resist.
You die...

........#'#......#
........'∩+......#
........#'#......#
.........E.......#
................##
...........§.....#
##...........E>.e.#
#........#....YY.##
#......).)....@.#
###......[[.....e..#
#.........[..#....##
........(([.#......
#.....(#.........#
##.....##........#
##...#.###..#....##
##...#### ...##...#
###.## #..# #.##


You could see 2 earth elementals, 2 deep elf magi and 2 ice beasts.

Vanquished Creatures
  A hydra (D:8)
  An orc knight (Orc:1)
  An ugly thing (D:11)
  2 deep elf magi
  Joseph (D:8)
  A centaur zombie (D:10)
  A troll (D:11)
  Grinder (D:6)
  5 blink frogs (Lair:1)
  10 yaks
  2 hippogriffs
  A human (D:10)
  A hungry ghost (D:9)
  4 wolves (Lair:1)
  2 porcupines (Lair:1)
  3 sky beasts
  8 orc warriors
  A black bear (D:8)
  A phantom (D:10)
  2 ice beasts
  7 ogres
  2 centaurs
  3 big kobolds (D:8)
  3 crocodiles
  6 giant frogs
  A gnoll sergeant (D:8)
  4 scorpions
  8 killer bees
  4 wights (D:11)
  2 crimson imps
  5 hounds
  A jelly (D:8)
  3 centaur skeletons
  5 orc priests
  Crazy Yiuf (D:3)
  5 orc wizards
  3 giant frog skeletons
  9 iguanas
  Ijyb (D:2)
  A hell rat (D:6)
  7 worker ants
  A killer bee zombie (D:7)
  2 sheep (D:8)
  A hound skeleton (D:10)
  4 adders
  7 gnolls
  29 river rats
  2 shadow imps
  2 oozes
  An adder skeleton (D:8)
  2 worms
  7 giant geckos
  50 orcs
  4 ball pythons
  14 bats
  5 giant cockroaches
  7 goblins
  10 hobgoblins
  2 jackals (D:6)
  2 quokkas
  7 giant newts
  A jackal zombie (D:5)
  5 kobolds
  35 rats
  A fungus (D:8)
  2 plants (D:8)
333 creatures vanquished.

Vanquished Creatures (collateral kills)
  Erica (D:10)
  2 hill giants (D:11)
  2 deep elf magi (Orc:2)
  2 orc sorcerers (Orc:1)
  A wyvern (D:8)
  An orc warrior (Orc:2)
  An ice beast (D:8)
  A black bear (D:8)
  A giant frog (D:7)
  A scorpion (D:11)
  A hound (D:11)
  An orc wizard (D:4)
  A worker ant (D:5)
  A gnoll (D:8)
17 creatures vanquished.

Vanquished Creatures (others)
  An orc (D:8)
  5 fungi
  2 plants
8 creatures vanquished.

Grand Total: 358 creatures vanquished

Notes
Turn   | Place    | Note
--------------------------------------------------------------
     0 | D:1      | Ijustatesigmund the Demonspawn Fighter began the quest for the Orb.
     0 | D:1      | Reached XP level 1. HP: 18/18 MP: 1/1
   218 | D:1      | Gained mutation: You are partially covered in iridescent scales (AC +4). [demonic ancestry]
   218 | D:1      | Reached XP level 2. HP: 24/24 MP: 2/2
   765 | D:2      | Reached XP level 3. HP: 18/29 MP: 3/3
  1225 | D:2      | Noticed Ijyb
  1557 | D:2      | Gained mutation: You have sharp fingernails. [demonic ancestry]
  1557 | D:2      | Reached XP level 4. HP: 35/35 MP: 4/4
  1771 | D:2      | Killed Ijyb
  2126 | D:3      | Noticed a sky beast
  2141 | D:3      | Killed a sky beast
  2141 | D:3      | Reached XP level 5. HP: 22/42 MP: 5/5
  2516 | D:4      | Reached skill level 4 in Fighting
  2560 | D:4      | Gained mutation: A weak demonic guardian rushes to your aid. [demonic ancestry]
  2560 | D:4      | Reached XP level 6. HP: 44/48 MP: 6/6
  2572 | D:4      | Found a shattered altar of Ashenzari.
  2576 | D:4      | Saw a vision of the Swamp and the Spider Nest.
  2576 | D:4      | Noticed a redback
  2576 | D:4      | Noticed a wolf spider
  2576 | D:4      | Noticed a redback
  2576 | D:4      | Noticed a redback
  2576 | D:4      | Noticed a swamp drake
  2576 | D:4      | Noticed a swamp drake
  2576 | D:4      | Noticed a swamp drake
  2576 | D:4      | Noticed an alligator
  2576 | D:4      | Noticed an alligator
  2576 | D:4      | Noticed an alligator
  2577 | D:4      | Noticed a water moccasin
  2580 | D:4      | Noticed a wolf spider
  2580 | D:4      | Noticed a wolf spider
  2860 | D:3      | Learned a level 1 spell: Apportation
  2862 | D:3      | Learned a level 1 spell: Summon Butterflies
  3166 | D:3      | Noticed Crazy Yiuf
  3169 | D:3      | Killed Crazy Yiuf
  3414 | D:4      | Reached skill level 10 in Fighting
  3414 | D:4      | Reached XP level 7. HP: 52/67 MP: 7/7
  3566 | D:5      | Entered Level 5 of the Dungeon
  3921 | D:6      | Reached XP level 8. HP: 74/74 MP: 8/8
  3935 | D:6      | Noticed Grinder
  3972 | D:6      | Killed Grinder
  4596 | D:5      | Found Ytuwn's General Store.
  4780 | D:5      | Found an opulent altar of Gozag.
  4780 | D:5      | Found a deep blue altar of Sif Muna.
  4930 | D:6      | Reached skill level 5 in Maces & Flails
  5167 | D:6      | Reached skill level 5 in Shields
  5313 | D:7      | Found a staircase to the Ecumenical Temple.
  5350 | Temple   | Entered the Ecumenical Temple
  5491 | Temple   | Became a worshipper of Warmaster Okawaru
  5740 | D:7      | Reached XP level 9. HP: 75/79 MP: 9/9
  6279 | D:8      | Reached skill level 1 in Invocations
  6282 | D:8      | Noticed Joseph
  6784 | D:8      | Killed Joseph
  6784 | D:8      | Reached skill level 1 in Slings
  6967 | D:8      | Got a faintly glowing whip
  6968 | D:8      | Identified the cursed +3 whip of Power {freeze, -Tele +Fly rElec Dex+8} (You found it on level 8 of the Dungeon)
  7188 | D:8      | Found a staircase to the Lair.
  7199 | D:8      | Reached * piety under Okawaru
  7258 | D:8      | Found Asejilir's Book Boutique.
  7384 | D:8      | Noticed a two-headed hydra
  7407 | D:8      | Killed a two-headed hydra
  7407 | D:8      | Reached ** piety under Okawaru
  7423 | D:8      | Gained mutation: You sometimes gain a little power by taking damage. [demonic ancestry]
  7423 | D:8      | Reached XP level 10. HP: 47/86 MP: 13/13
  7748 | D:9      | Reached *** piety under Okawaru
  7748 | D:9      | Reached skill level 5 in Invocations
  8440 | D:10     | Entered Level 10 of the Dungeon
  8448 | D:10     | Noticed Sonja
  8548 | Lair:1   | Entered Level 1 of the Lair of Beasts
  8628 | Lair:1   | Received a gift from Okawaru
  8880 | Lair:1   | Noticed a seven-headed hydra
  8988 | Lair:1   | Reached **** piety under Okawaru
  9014 | Lair:1   | Received a gift from Okawaru
  9127 | D:10     | Found a blossoming altar of Fedhas.
  9182 | D:10     | Gained mutation: A demonic guardian rushes to your aid. [demonic ancestry]
  9182 | D:10     | Reached XP level 11. HP: 92/92 MP: 16/16
  9229 | D:10     | Found a staircase to the Orcish Mines.
  9234 | D:10     | Upgraded the game from 0.18-a0-1180-g64ccc1e to 0.18-a0-1186-gd02dc51
  9342 | D:10     | Got a dazzling trident
  9343 | D:10     | Identified the +7 trident of Misery {venom, Stlth+} (You found it on level 10 of the Dungeon)
  9481 | D:10     | Noticed Erica
  9485 | D:10     | Killed Erica
 10131 | D:10     | Noticed Sonja
 10131 | D:10     | Sonja changed into Sonja the human
 10141 | D:10     | Killed Sonja the human
 10357 | D:11     | Noticed a hill giant
 10357 | D:11     | Noticed a hill giant
 10360 | D:11     | Killed a hill giant
 10363 | D:11     | Killed a hill giant
 10363 | D:11     | Reached ***** piety under Okawaru
 10408 | D:11     | Received a gift from Okawaru
 10412 | D:11     | Got a shimmering quarterstaff {god gift}
 10766 | D:11     | Noticed a brown ugly thing
 10780 | D:11     | Killed a brown ugly thing
 11089 | Orc:1    | Entered Level 1 of the Orcish Mines
 11093 | Orc:1    | Noticed an orc sorcerer
 11099 | Orc:1    | Killed an orc sorcerer
 11233 | Orc:2    | Entered Level 2 of the Orcish Mines
 11268 | Orc:2    | Noticed an orc knight
 11465 | Orc:1    | Noticed an orc sorcerer
 11472 | Orc:1    | Killed an orc sorcerer
 11472 | Orc:1    | Reached skill level 10 in Invocations
 11526 | Orc:1    | Killed an orc knight
 11754 | Orc:2    | Found a staircase to the Elven Halls.
 11889 | Orc:2    | Found Edodoc's Antique Weapon Shoppe.
 11918 | Orc:2    | Noticed a deep elf mage
 11918 | Orc:2    | Noticed a deep elf mage
 11918 | Orc:2    | Noticed a deep elf mage
 11919 | Orc:2    | Noticed a deep elf mage
 11919 | Orc:2    | Noticed a deep elf mage
 11920 | Orc:2    | Noticed a deep elf mage
 11920 | Orc:2    | Noticed a deep elf mage
 11920 | Orc:2    | Noticed a deep elf mage
 11920 | Orc:2    | Noticed a deep elf mage
 11920 | Orc:2    | Noticed a deep elf mage
 11935 | Orc:2    | Killed a deep elf mage
 11947 | Orc:2    | Killed a deep elf mage
 11947 | Orc:2    | Killed a deep elf mage
 11954 | Orc:2    | Noticed a deep elf mage
 12015 | Elf:1    | Entered Level 1 of the Elven Halls
 12017 | Elf:1    | Noticed a deep elf mage
 12017 | Elf:1    | Noticed a deep elf mage
 12027 | Elf:1    | Noticed a deep elf mage
 12030 | Elf:1    | Killed a deep elf mage
 12030 | Elf:1    | Received a gift from Okawaru
 12069 | Orc:2    | Killed from afar by a deep elf mage

Vault maps used:
D:1:      dpeg_arrival_windows_large_door
D:2:      uniq_iyjb
D:3:      first_bread, uniq_crazy_yiuf_cottage
D:4:      grunt_ashenzari_visionary
D:5:      lemuel_ice_spiral_2, gammafunk_temple_overflow_statue, serial_shops,
          shop
D:6:      lemuel_ratsnest, uniq_grinder
D:7:      minmay_temple_entry_trees, grunt_decor_arrowhead
D:8:      grunt_lair_entry_orc_guard_hut, serial_shops,
          nicolae_shop_temple_entry_statues_fountains, hangedman_ranch,
          uniq_joseph
D:9:      minmay_misc_feat_encased, minmay_misc_feat_tiny
D:10:     hiddenorc2_lemuel, fedhas_altar_2, uniq_erica, uniq_sonja
Temple:   kilobyte_greek_temple_18
Lair:1:   serial_bayou_shore_b
Orc:1:    minmay_orc_temple_b
Orc:2:    kennysheep_orc_mage_school, serial_shops, nicolae_shop_behind_doors,
          elves_outpost_lemuel
Elf:1:    elf_arrival_001, serial_shops, bzr_firewalk, minmay_elf_demonology,
          grunt_ministairs_7

Action                   |  1- 3 |  4- 6 |  7- 9 | 10-12 || total
-------------------------+-------+-------+-------+-------++-------
Melee: Flail             |   182 |    81 |       |       ||   263
       Mace              |       |    53 |   519 |   956 ||  1528
 Fire: Hunting sling     |       |     4 |     7 |       ||    11
Invok: Heroism           |       |       |       |     5 ||     5
       Finesse           |       |       |       |     2 ||     2
Evoke: Wand              |       |       |     1 |     6 ||     7
       Sack of spiders   |       |       |       |     2 ||     2
  Use: Scroll            |     3 |     6 |     8 |    11 ||    28
       Potion            |       |     1 |     7 |     3 ||    11
 Stab: Invisible         |       |       |     4 |       ||     4
       Distracted        |       |       |     1 |     3 ||     4
  Eat: Chunk             |     1 |     3 |     7 |     7 ||    18
       Royal jelly       |     1 |       |     1 |     2 ||     4
       Bread ration      |       |     1 |       |       ||     1
       Fruit             |       |       |     4 |     2 ||     6
       Beef jerky        |       |       |       |     4 ||     4
